cohdb
Replays
Latest Replays
All Replays
Popular Replays
Top Player Replays
Match Explorer
How It Works
Community
CoH3 Stats
Reddit
Sign in to upload your games and track your stats! →
Sign in with Steam
Match 38359207
Unlisted
Match 38359207
Overview
Messages
Build Orders
End
Royal Engineer Section
Construct Section Command Post
Selects Heavy Armor Battlegroup
Dingo Light Scout Car
Infantry Section
Infantry Section
Construct Platoon Command Post
CMP 15cwt Truck
Selects Engineer Detachments
Infantry Training
Grenade Package
6-pounder Anti-tank Gun Team
Construct Company Command Post
ML 3-inch Mortar Team
Foot Guards Section
Unlock M3 Grant Medium Tanks
Selects Crusader AA Medium Tank
Selects Light Vehicle Withdraw and Refit
M3 Grant Medium Tank
M3 Grant Medium Tank
Selects Radio Net
Selects Designate Targets
Armored Vehicle Training
M3 Grant Medium Tank
Wrathment
Beouchen
0
0
Comments
sign in to comment!
No comments posted yet!